 Dungeon Crawl Stone Soup version 0.18.1-48-g4cf74bf (webtiles) character file.

7645 senseless the Fighter (level 10, -8/101 HPs)
             Began as a Minotaur Fighter on July 16, 2016.
             Was a High Priest of Okawaru.
             Mangled by Snorg (10 damage)
             ... on level 10 of the Dungeon.
             The game lasted 00:32:24 (7494 turns).

senseless the Fighter (Minotaur Fighter)            Turns: 7494, Time: 00:32:25

Health: -8/101     AC: 17    Str: 21    XL:     10   Next: 99%
Magic:  9/9        EV:  5    Int:  6    God:    Okawaru [*****.]
Gold:   580        SH: 14    Dex: 14    Spells: 0 memorised, 9 levels left

rFire  + . .     SeeInvis .     s - +2 war axe (vamp)
rCold  x . .     Gourm    .     k - +0 plate armour
rNeg   + . .     Faith    .     c - +0 shield
rPois  .         Spirit   .     (helmet restricted)
rElec  .         Dismiss  .     j - +0 cloak
rCorr  .         Reflect  +     (no gloves)
SustAt .         Harm     .     r - +0 pair of boots
MR     .....                    G - +2 amulet of reflection
Stlth  ..........               C - ring of positive energy
                                v - ring of fire

@: not resistant to hostile enchantments, extremely unstealthy
A: retaliatory headbutt, horns 2, agile 1, regeneration 1, screaming 1,
evolution 1
a: Heroism, Finesse, Renounce Religion


You were on level 10 of the Dungeon.
You worshipped Okawaru.
Okawaru was extremely pleased with you.
You were not hungry.

You visited 1 branch of the dungeon, and saw 10 of its levels.

You collected 580 gold pieces.

Inventory:

Hand Weapons
 a - a +1 war axe
 s - a +2 vampiric war axe (weapon)
 z - a +0 war axe of chopping
Armour
 c - a +0 shield (worn)
 j - a +0 cloak (worn)
 k - a +0 plate armour (worn)
 r - a +0 pair of boots (worn)
 J - a +0 cloak
Jewellery
 v - a ring of fire (left hand)
 w - an uncursed amulet of dismissal
 C - a ring of positive energy (right hand)
 G - a +2 amulet of reflection (around neck)
Wands
 u - a wand of flame (44/48)
 F - a wand of lightning (5/15)
 H - a wand of disintegration (12/24)
 L - a wand of flame (11/48)
Scrolls
 b - 2 scrolls of magic mapping
 e - 5 scrolls of teleportation
 g - 4 scrolls of amnesia
 h - 2 scrolls of identify
 i - a scroll of recharging
 l - 6 scrolls of remove curse
 q - 2 scrolls of blinking
 y - a scroll of fog
Potions
 d - a potion of might
 m - a potion of magic
 t - a potion of lignification
 x - a potion of berserk rage
 A - 2 potions of haste
 E - a potion of ambrosia
Books
 D - a book of the Dragon

   Spells                             Type                      Level
   a - Flame Tongue                   Conjuration/Fire             1
   b - Cause Fear                     Hexes                        4
   c - Bolt of Fire                   Conjuration/Fire             6
   d - Dragon Form                    Transmutation                7
   e - Dragon's Call                  Summoning                    9
 M - a book of Battle

   Spells                             Type                      Level
   a - Infusion                       Charms                       1
   b - Shroud of Golubria             Charms/Translocation         2
   c - Song of Slaying                Charms                       2
   d - Spectral Weapon                Hexes/Charms                 3
   e - Regeneration                   Charms/Necromancy            3
Miscellaneous
 K - a stone of tremors
Comestibles
 f - 13 bread rations
 n - 5 meat rations
 o - 6 beef jerkies
 p - a royal jelly
 B - 2 slices of pizza
 I - 5 chunks of flesh


   Skills:
 * Level 13.0 Fighting
 + Level 9.2 Axes
 + Level 9.9 Armour
 + Level 9.7 Shields


You had 9 spell levels left.
You didn't know any spells.

Dungeon Overview and Level Annotations

Branches:
Dungeon (10/15)            Temple (0/1) D:4            Lair (0/8) D:8
    Orc (0/2) D:10

Altars:
Ashenzari
Dithmenos
Elyvilon
Gozag
Nemelex Xobeh
Okawaru
Pakellas
Ru
Sif Muna
Trog
Yredelemnul
Zin
The Shining One

Shops:
D:6 (   D:7 *

Annotations:
D:7 1 runed door
D:10 Snorg


Innate Abilities, Weirdness & Mutations

You reflexively headbutt those who attack you in melee.
You have a pair of horns on your head.
You are agile. (Dex +2)
Your natural rate of healing is unusually fast.
You occasionally shout uncontrollably at your foes.
You evolve.


Message History

You are too injured to fight recklessly!
You hit Snorg.
Snorg is severely wounded.
You block Snorg's attack. Snorg claws you but does no damage. Snorg claws you!
* * * LOW HITPOINT WARNING * * *
Snorg bites you but does no damage. Snorg claws you!
* * * LOW HITPOINT WARNING * * *
Snorg claws you but does no damage.
You hit Snorg.
You feel better.
Snorg is severely wounded.
You block Snorg's attack. x2; Snorg claws you but does no damage.
You hit Snorg.
You feel better.
You headbutt Snorg.
Snorg is almost dead.
Snorg barely misses you. You furiously retaliate!
You headbutt Snorg. You block Snorg's attack. Snorg claws you!
* * * LOW HITPOINT WARNING * * *
You block Snorg's attack. Snorg claws you!
* * * LOW HITPOINT WARNING * * *
Snorg claws you!
You die...

........# ........+ ... ........#
... ........# ... #'####### #'#
#..### #g# ### ##...# #g# #>#
###.# #T# #.# #.# #@# #.# ####.##
#.# #.######## #.....##
######.#### #.........
....................########.....
#.....#########.###.......)......
#.....# ##. ##########.....
####.## #.. ##.### #... #.# #..#
###.# #.# ##.#


You could see Snorg (berserk) and 2 gnolls.

Vanquished Creatures
  Josephine (D:10)
  Pikel (D:9)
  A gargoyle (D:10)
  A troll (D:10)
  Grinder (D:6)
  A two-headed ogre (D:9)
  The ghost of barakagiga the Magician, an amateur DEWz of Sif Muna (D:4)
  3 wraiths (D:10)
  Eustachio (D:4)
  A hungry ghost (D:10)
  Edmund (D:6)
  An ice beast (D:8)
  4 orc warriors
  2 sky beasts
  An eye of draining (D:8)
  2 necrophages (D:9)
  3 black bears (D:8)
  4 ogres
  3 centaurs
  Blork the orc (D:6)
  7 giant frogs
  A wyvern zombie (D:8)
  A gnoll sergeant (D:7)
  4 scorpions
  A howler monkey (D:10)
  A vampire bat (D:3)
  4 wights (D:8)
  2 crimson imps
  A giant frog zombie (D:5)
  6 hounds
  3 jellies
  7 orc priests
  A centaur skeleton (D:8)
  14 orc wizards
  4 iguanas
  11 worker ants
  A worker ant zombie (D:9)
  11 gnolls
  5 adders
  A howler monkey skeleton (D:6)
  2 shadow imps (D:6)
  An ooze (D:7)
  4 worms
  A dart slug (D:2)
  3 fire bats (D:3)
  3 giant geckos
  20 orcs
  2 spectral bats (D:3)
  17 bats
  3 bat skeletons (D:3)
  A bat zombie (D:3)
  7 giant cockroaches
  2 gnoll zombies (D:8)
  5 goblins
  8 hobgoblins
  7 jackals
  4 kobolds
  8 quokkas
  2 ball pythons
  A bat simulacrum (D:3)
  A giant newt (D:1)
  8 rats
230 creatures vanquished.

Vanquished Creatures (others)
  An orc (D:4)
  A quokka (D:4)
2 creatures vanquished.

Grand Total: 232 creatures vanquished

Notes
Turn   | Place    | Note
--------------------------------------------------------------
     0 | D:1      | senseless the Minotaur Fighter began the quest for the Orb.
     0 | D:1      | Reached XP level 1. HP: 19/19 MP: 0/0
   161 | D:1      | Reached XP level 2. HP: 16/27 MP: 1/1
   331 | D:1      | Reached skill level 4 in Fighting
   866 | D:2      | Reached XP level 3. HP: 33/33 MP: 2/2
   970 | D:2      | Found a white marble altar of Elyvilon.
  1218 | D:2      | Found a deep blue altar of Sif Muna.
  1618 | D:3      | Reached XP level 4. HP: 41/41 MP: 3/3
  1650 | D:3      | Reached skill level 5 in Fighting
  1650 | D:3      | Reached XP level 5. HP: 42/48 MP: 4/4
  2177 | D:4      | Reached skill level 5 in Shields
  2189 | D:4      | Reached skill level 5 in Armour
  2189 | D:4      | Reached XP level 6. HP: 55/56 MP: 5/5
  2391 | D:4      | Noticed barakagiga's ghost (amateur DEWz)
  2422 | D:4      | Killed barakagiga's ghost
  2422 | D:4      | Reached skill level 6 in Fighting
  2470 | D:4      | Reached XP level 7. HP: 19/64 MP: 6/6
  2846 | D:4      | Found an iron altar of Okawaru.
  2850 | D:4      | Became a worshipper of Warmaster Okawaru
  3281 | D:4      | Reached skill level 7 in Fighting
  3512 | D:4      | Noticed Eustachio
  3517 | D:4      | Killed Eustachio
  3517 | D:4      | Reached skill level 5 in Axes
  3964 | D:4      | Found a staircase to the Ecumenical Temple.
  4075 | D:5      | Entered Level 5 of the Dungeon
  4101 | D:5      | Reached XP level 8. HP: 74/74 MP: 7/7
  4105 | D:5      | Gained mutation: You are resistant to hostile enchantments. [mutagenic meat]
  4106 | D:5      | Gained mutation: You tend to lose your temper in combat. [mutagenic meat]
  4107 | D:5      | Gained mutation: Your natural rate of healing is unusually fast. [mutagenic meat]
  4108 | D:5      | Lost mutation: You tend to lose your temper in combat. [mutagenic meat]
  4109 | D:5      | Gained mutation: You occasionally shout uncontrollably at your foes. [mutagenic meat]
  4156 | D:5      | Reached skill level 8 in Fighting
  4181 | D:5      | Reached * piety under Okawaru
  4548 | D:6      | Noticed Grinder
  4556 | D:6      | Paralysed by Grinder for 4 turns
  4576 | D:6      | Killed Grinder
  4618 | D:6      | Found a sparkling altar of Nemelex Xobeh.
  4627 | D:6      | Noticed Blork the orc
  4632 | D:6      | Killed Blork the orc
  4632 | D:6      | Reached skill level 9 in Fighting
  4712 | D:6      | Reached ** piety under Okawaru
  4751 | D:6      | Found Isexzat's Antique Weapon Shoppe.
  4754 | D:6      | Found an oddly glowing altar of Pakellas.
  4756 | D:6      | Noticed Edmund
  4766 | D:6      | Killed Edmund
  4828 | D:6      | Found a glowing golden altar of the Shining One.
  4878 | D:6      | Reached XP level 9. HP: 63/84 MP: 8/8
  4929 | D:6      | Found a deep blue altar of Sif Muna.
  5144 | D:7      | Found an opulent altar of Gozag.
  5144 | D:7      | Found Gozag's Platinum Reserve.
  5198 | D:7      | Found a glowing silver altar of Zin.
  5198 | D:7      | Found a sacrificial altar of Ru.
  5299 | D:7      | Noticed a manticore
  5318 | D:7      | Found a basalt altar of Yredelemnul.
  5499 | D:7      | Found a shadowy altar of Dithmenos.
  5527 | D:7      | Found a runed door.
  5540 | D:7      | Found a runed door.
  5626 | D:7      | Reached skill level 10 in Fighting
  5844 | D:7      | Reached *** piety under Okawaru
  5933 | D:8      | Found a shattered altar of Ashenzari.
  6195 | D:8      | Found a basalt altar of Yredelemnul.
  6251 | D:8      | Found a staircase to the Lair.
  6289 | D:8      | Reached skill level 11 in Fighting
  6330 | D:8      | Found a bloodstained altar of Trog.
  6553 | D:8      | Reached **** piety under Okawaru
  6553 | D:8      | Reached XP level 10. HP: 96/96 MP: 9/9
  6702 | D:9      | Noticed Pikel
  6710 | D:9      | Killed Pikel
  6812 | D:9      | Reached skill level 12 in Fighting
  7103 | D:10     | Entered Level 10 of the Dungeon
  7303 | D:10     | Noticed Josephine
  7326 | D:10     | Killed Josephine
  7326 | D:10     | Reached ***** piety under Okawaru
  7343 | D:10     | Lost mutation: You are resistant to hostile enchantments. [potion of mutation]
  7343 | D:10     | Gained mutation: You are agile. (Dex +2) [potion of mutation]
  7343 | D:10     | Gained mutation: You evolve. [potion of mutation]
  7380 | D:10     | Noticed a gargoyle
  7385 | D:10     | Killed a gargoyle
  7455 | D:10     | Found a staircase to the Orcish Mines.
  7476 | D:10     | Noticed Snorg
  7482 | D:10     | Reached skill level 13 in Fighting
  7494 | D:10     | HP: 2/101 [Snorg (7)]
  7494 | D:10     | Mangled by Snorg

Skill      XL: |  1  2  3  4  5  6  7  8  9 10 |
---------------+-------------------------------+-----
Armour         | 4 5 6 7 8 9 |  9.9
Fighting       | 4 5 6 7 9 11 13 | 13.0
Shields        | 4 5 6 7 8 9 |  9.7
Axes           | 3 4 5 6 7 9 |  9.2

Action                   |  1- 3 |  4- 6 |  7- 9 | 10-12 || total
-------------------------+-------+-------+-------+-------++-------
Melee: War axe           |    98 |   111 |   361 |   184 ||   754
       Headbutt          |     6 |    18 |    75 |    47 ||   146
  Use: Potion            |       |     5 |     1 |     4 ||    10
       Scroll            |       |       |    20 |     3 ||    23
  Eat: Chunk             |     2 |     3 |    18 |     4 ||    27
       Beef jerky        |       |       |     1 |       ||     1
       Bread ration      |       |       |     1 |       ||     1
Armor: Scale mail        |    53 |    41 |       |       ||    94
       Chain mail        |       |    43 |    32 |       ||    75
       Skin              |       |     8 |       |       ||     8
       Plate armour      |       |       |   187 |    87 ||   274
Dodge: Dodged            |    40 |    33 |    77 |    33 ||   183
Block: Shield            |    67 |    70 |   198 |   137 ||   472
       Reflection        |       |       |       |     2 ||     2
